 Dungeon Crawl Stone Soup version 0.30.0-29-ga12c61a403 (webtiles) character file.

Game seed: 2485781760632989615

446 qw the Chopper (level 7, -3/43 HPs)
             Began as a Gargoyle Fighter on June 3, 2023.
             Slain by a wight
             ... wielding a +3 hand axe
              (7 damage)
             ... on level 4 of the Dungeon.
             The game lasted 00:01:51 (3402 turns).

qw the Chopper (Gargoyle Fighter)                   Turns: 3402, Time: 00:01:51

Health: -3/43      AC: 13    Str: 22    XL:     7   Next: 3%
Magic:  7/7        EV:  8    Int:  8    God:
Gold:   257        SH:  4    Dex:  9    Spells: 6/6 levels left

rFire   . . .        Y - +0 war axe (elec)
rCold   . . .        c - +0 buckler
rNeg    + . .        j - +0 chain mail
rPois   inf          (no helmet)
rElec   +            (no cloak)
rCorr   .            (no gloves)
SInv    .            (no boots)
Will    .....        (no amulet) Stlth
                     (no ring)
HPRegen 0.27/turn    (no ring)
MPRegen 0.10/turn

%: no passive effects
@: no status effects
A: sickness immunity, AC +4, negative energy resistance 1, electricity
resistance, torment resistance 1, petrification resistance
a: no special abilities


You were on level 4 of the Dungeon.
You visited 1 branch of the dungeon, and saw 4 of its levels.

You collected 257 gold pieces.


Innate Abilities, Weirdness & Mutations

You are immune to sickness and miasma.
Your stone body is resilient. (AC +4)
You are immune to poison.
You resist negative energy. (rN+)
You are resistant to electric shocks. (rElec)
You are resistant to unholy torment.
You are immune to petrification.


   Skills:
 - Level 4.0 Fighting
 + Level 6.1 Axes
 - Level 3.2 Armour
 - Level 1.3 Dodging
 - Level 3.2 Shields


You had 6 spell levels left.
You didn't know any spells.
Your spell library was empty.

Inventory:

Hand Weapons
 k - a +0 flail
 Y - a +0 war axe of electrocution (weapon)
Armour
 c - a +0 buckler (worn)
 j - a +0 chain mail (worn)
Scrolls
 f - a scroll of poison {unknown}
 h - a scroll of identify
Potions
 a - a potion of resistance {unknown}
 b - a potion of cancellation {unknown}
 d - 4 potions of might
 g - a potion of haste
 i - 4 potions of curing
 l - a potion of brilliance {unknown}
 m - a potion of flight {unknown}

Dungeon Overview and Level Annotations

Branches:
Dungeon (4/15)
 Temple: D:4-7

Altars:
Ru
Sif Muna
Vehumet

Annotations:
D:3 3 runed translucent doors, qw's ghost, amateur GrFi


Message History

You hit the wight.
The wight is severely damaged.
You block the gnoll's attack. The wight barely misses you.
You closely miss the wight.
The wight is severely damaged.
You block the wight's attack. You block the gnoll's attack.
You closely miss the wight.
The wight is severely damaged.
You block the gnoll's attack. The wight barely misses you.
You block the wight's attack. The gnoll closely misses you.
You slash the wight!
You destroy the wight!
You block the gnoll's attack.
Your Axes skill increases to level 6!
You closely miss the hobgoblin. The hobgoblin barely misses you.
You block the gnoll's attack.
You slash the hobgoblin!
You kill the hobgoblin!
The gnoll hits you from afar with a +0 spear.
You closely miss the wight. You block the gnoll's attack.
The wight barely misses you.
You barely miss the wight. The wight closely misses you.
The gnoll hits you but does no damage. The wight hits you with a +4 battleaxe!
The gnoll hits you but does no damage.
You slash the wight!
The wight is severely damaged.
The wight barely misses you. The gnoll barely misses you.
You hit the wight but do no damage.
The wight is severely damaged.
The gnoll closely misses you. You block the wight's attack.
You slash the wight!
You destroy the wight!
The gnoll hits you from afar with a +0 spear. x2
The wight hits you with a +3 hand axe.
Your Dodging skill increases to level 1!
You have reached level 7!
You hit the wight.
The wight is moderately damaged.
The gnoll barely misses you. The wight hits you with a +3 hand axe!
You die...

#..# #.#.# #.<# #.#.# ..g.
###..###...# ..g.
..#<...##..# J....
#......##..# ...
..#.#...#..# ^..
.##.##.....###### #.# .
.##.##..........###..#....
..(.##..##.####.@z........
#######.##..# ####g###....
## #.##..## #.# .
.######......# ..#
).....#....#.#. .##
......#........ ##
##....#.....#..
#..............
#().......(#.#


You could see a wight and a gnoll.

Vanquished Creatures
  4 wights (D:4)
  An iguana (D:4)
  An orc wizard (D:3)
  3 gnolls (D:4)
  7 adders
  3 dart slugs
  6 orcs (D:3)
  12 ball pythons
  5 bats
  8 endoplasms
  4 giant cockroaches
  5 goblins
  5 hobgoblins
  5 jackals
  3 quokkas
  3 frilled lizards (D:1)
  9 kobolds
  7 rats
91 creatures vanquished.

Notes
Turn   | Place    | Note
-------+----------+-------------------------------------------
     0 | D:1      | qw the Gargoyle Fighter began the quest for the Orb.
     0 | D:1      | Reached XP level 1. HP: 14/14 MP: 1/1
     0 | D:1      | 0 ||| qw: Version: 0.2-a-103-g5a998e5
     0 | D:1      | 0 ||| qw: Game counter: 1029
     0 | D:1      | 0 ||| qw: Always use a shield: true
     0 | D:1      | 0 ||| qw: God list: Okawaru
     0 | D:1      | 0 ||| qw: Allow faded altars: false
     0 | D:1      | 0 ||| qw: Do Orc after D:15 true
     0 | D:1      | 0 ||| qw: Do second Lair branch before Depths: true
     0 | D:1      | 0 ||| qw: Lair rune preference: random
     0 | D:1      | 0 ||| qw: Plans: Normal, Zot:1-4, Slime:5, God:TSO, Crypt,
                  | Tomb, Pan, Hells, Abyss, Win
     0 | D:1      | 0 ||| PLANNING D:1-11
    33 | D:1      | Reached skill level 2 in Axes
    61 | D:1      | 61 ||| Stepping ~*~*~tactically~*~*~ (stealth).
   109 | D:1      | 109 ||| Stepping ~*~*~tactically~*~*~ (stealth).
   112 | D:1      | Reached XP level 2. HP: 19/19 MP: 2/2
   124 | D:1      | 124 ||| FLEEEEING.
   125 | D:1      | 125 ||| FLEEEEING.
   205 | D:1      | 205 ||| Stepping ~*~*~tactically~*~*~ (hiding).
   206 | D:1      | 206 ||| Stepping ~*~*~tactically~*~*~ (hiding).
   428 | D:1      | Reached skill level 3 in Axes
   480 | D:1      | Reached XP level 3. HP: 23/23 MP: 3/3
   548 | D:1      | 548 ||| DROPPING +0 club.
   552 | D:1      | Found a faded altar of an unknown god.
   650 | D:1      | 650 ||| DROPPING +0 whip.
   870 | D:1      | 870 ||| READING scroll labelled LOOVUTECHO.
   871 | D:1      | 871 ||| READING 2 scrolls labelled YTENUOMYIM.
   872 | D:1      | 872 ||| DRINKING 2 cyan potions.
   873 | D:1      | 873 ||| DRINKING 2 bubbling emerald potions.
   978 | D:1      | 978 ||| DROPPING potion of berserk rage.
  1189 | D:2      | 1189 ||| Stepping ~*~*~tactically~*~*~ (stealth).
  1199 | D:2      | Reached XP level 4. HP: 26/28 MP: 4/4
  1344 | D:2      | 1344 ||| Stepping ~*~*~tactically~*~*~ (stealth).
  1349 | D:2      | Reached skill level 4 in Axes
  1425 | D:2      | Found a sacrificial altar of Ru.
  1527 | D:2      | 1527 ||| Stepping ~*~*~tactically~*~*~ (stealth).
  1529 | D:2      | 1529 ||| Stepping ~*~*~tactically~*~*~ (stealth).
  1850 | D:2      | 1850 ||| UPGRADING to +0 chain mail.
  1860 | D:2      | 1860 ||| DROPPING +0 scale mail.
  1861 | D:2      | 1861 ||| READING scroll labelled TUNA DIELERI.
  1862 | D:2      | 1862 ||| READING scroll labelled GEUNED SILAMILL.
  1863 | D:2      | 1863 ||| READING scroll labelled OTHUNU QAPOSAPN.
  1864 | D:2      | 1864 ||| DRINKING 2 fizzy grey potions.
  1865 | D:2      | 1865 ||| READING 2 scrolls of identify.
  1865 | D:2      | 1865 ||| IDENTIFYING fuming brown potion
  1952 | D:3      | Found a shimmering blue altar of Sif Muna.
  2022 | D:3      | Found a runed translucent gate.
  2022 | D:3      | Found a runed translucent gate.
  2022 | D:3      | Found a runed translucent gate.
  2022 | D:3      | Noticed qw's ghost (amateur GrFi)
  2078 | D:3      | 2078 ||| Stepping ~*~*~tactically~*~*~ (hiding).
  2088 | D:3      | Reached XP level 5. HP: 31/32 MP: 5/5
  2148 | D:3      | 2148 ||| DROPPING +0 mace of venom.
  2150 | D:3      | 2150 ||| Stepping ~*~*~tactically~*~*~ (hiding).
  2693 | D:3      | Reached skill level 5 in Axes
  2829 | D:3      | 2829 ||| Stepping ~*~*~tactically~*~*~ (stealth).
  2858 | D:3      | 2858 ||| READING scroll labelled ELIOJ ISIA.
  2859 | D:3      | 2859 ||| READING scroll labelled UGHEVOOFFY.
  2880 | D:3      | 2880 ||| READING scroll labelled XEIL KUYFIMN.
  2921 | D:4      | 2921 ||| Stepping ~*~*~tactically~*~*~ (hiding).
  3235 | D:4      | Found a radiant altar of Vehumet.
  3236 | D:4      | Found a sacrificial altar of Ru.
  3354 | D:4      | 3354 ||| Stepping ~*~*~tactically~*~*~ (stealth).
  3358 | D:4      | 3358 ||| Stepping ~*~*~tactically~*~*~ (stealth).
  3367 | D:4      | Reached XP level 6. HP: 27/38 MP: 6/6
  3385 | D:4      | HP: 7/38 [gnoll/+0 spear (5)]
  3386 | D:4      | 3386 ||| DRINKING potion of heal wounds.
  3395 | D:4      | Reached skill level 6 in Axes
  3401 | D:4      | HP: 6/38 [gnoll/+0 spear (5)]
  3402 | D:4      | Reached skill level 1 in Dodging
  3402 | D:4      | Reached XP level 7. HP: 4/43 MP: 7/7
  3402 | D:4      | Slain by a wight

Levels and vault maps discovered:
D:1:      mushboom_english_gardens, layout_loops_ring,
          ebering_ecumenical_altar_webs
D:2:      layout_basic, basic_altar, kennysheep_generic_room_9
D:3:      layout_loops_ring, led_sif_pool, gammafunk_ghost_split
D:4:      layout_rooms, nicolae_overflow_squiral, dk_vineyard_2

Skill      XL: |  1  2  3  4  5  6 |
---------------+-------------------+-----
Axes           | 2 3 4 5 6 |  6.1
Fighting       | 4 |  4.0
Dodging        | 1 |  1.3
Armour         | |  3.2
Shields        | |  3.2

Action                     |  1- 3 |  4- 6 |  7- 9 || total
---------------------------+-------+-------+-------++-------
  Melee: War axe           |   124 |   177 |     1 ||   302
  Throw: Boomerang         |     6 |       |       ||     6
    Use: Scroll            |     2 |     7 |       ||     9
         Potion            |     2 |     2 |       ||     4
 Armour: Scale mail        |    69 |    24 |       ||    93
         Chain mail        |       |    57 |       ||    57
  Dodge: Dodged            |    54 |    84 |     1 ||   139
  Block: Buckler           |    28 |    39 |       ||    67

Table legend:
 A = Non-vault XP
 B = Vault XP
 C = Vault XP percentage of total XP
 D = Non-vault monster count
 E = Vault monster count
 F = Vault count percentage of total count
                 A         B        C        D         E       F
            +---------+---------+-------+---------+---------+-------
      Total |     625 |      13 |   2.0 |      90 |       1 |   1.1
            +---------+---------+-------+---------+---------+-------
        D:1 |      55 |       0 |   0.0 |      33 |       0 |   0.0
        D:2 |      52 |      13 |  20.0 |      18 |       1 |   5.3
        D:3 |     131 |       0 |   0.0 |      25 |       0 |   0.0
        D:4 |     387 |       0 |   0.0 |      14 |       0 |   0.0
            +---------+---------+-------+---------+---------+-------
